 Dungeon Sprint DCSS version 0.23.2-1-ga50397a6bc (webtiles) character file.

Game seed: 3761325300433258703

5609 Kobolds4U the Imperceptible (level 10, -3/49 HPs)
             Began as a Spriggan Assassin on May 23, 2019.
             Was an Elder of Okawaru.
             Splashed by a jelly's acid (6 damage)
             ... while paralysed by a floating eye
             ... in the Dungeon (Sprint I: "Red Sonja").
             The game lasted 00:11:30 (1173 turns).

Kobolds4U the Imperceptible (Spriggan Assassin)     Turns: 1173, Time: 00:11:31

Health: -3/49      AC: -7    Str:  7    XL:     10   Next: 45%
Magic:  22/22      EV:  4    Int: 13    God:    Okawaru [****..]
Gold:   815        SH:  0    Dex: 21    Spells: 11/23 levels left

rFire    . . .     SeeInvis +   a - +2 dagger
rCold    . . .     Gourm    .   (shield restricted)
rNeg     . . .     Faith    .   r - +0 troll leather armour
rPois    .         Spirit   .   (helmet restricted)
rElec    .         Reflect  .   d - +0 cloak
rCorr    .         Harm     .   (gloves unavailable)
MR       +....     NoTele   +   (boots unavailable)
Stlth    ++++++++..             (no amulet)
HPRegen  0.56/turn              (no ring)
MPRegen  0.18/turn              (no ring)

@: paralysed, corroded, very quick
A: very small, unfitting armour, see invisible, herbivore, speed 3, slow
metabolism 2
a: Heroism, Renounce Religion


You were in the Dungeon.
You worshipped Okawaru.
Okawaru was greatly pleased with you.
You were not hungry.

You visited 1 branch You collected 1090 gold pieces.
You spent 275 gold pieces at shops.

Inventory:

Hand Weapons
 a - a +2 dagger (weapon)
 b - a +0 blowgun
 o - a +0 shortbow
Missiles
 e - 21 poisoned needles
 f - 11 curare-tipped needles
 p - 31 arrows
Armour
 c - a +0 robe
 d - a +0 cloak (worn)
 r - a +0 troll leather armour (worn)
Scrolls
 m - a scroll of blinking
Potions
 h - 3 potions of curing
 i - a potion of heal wounds
 j - a potion of haste
 k - 2 potions of magic
 n - a potion of mutation {unknown}
Comestibles
 g - a ration


   Skills:
 - Level 3.2 Fighting
 - Level 2.1 Short Blades
 * Level 10.8 Bows
 - Level 6.6 Throwing
 - Level 14.6 Dodging
 * Level 21.0 Stealth
 - Level 7.4 Spellcasting
 - Level 2.1 Conjurations
 - Level 8.3 Hexes
 - Level 3.0 Ice Magic
 + Level 7.5 Invocations


You had 11 spell levels left.
You knew the following spells:

 Your Spells              Type           Power        Failure   Level  Hunger
a - Ensorcelled Hibernat  Hex/Ice        ###...       3%          2    #......
b - Tukima's Dance        Hex            ####....     2%          3    ##.....
c - Confuse               Hex            ####....     2%          3    ##.....
d - Dazzling Spray        Conj/Hex       ###...       8%          3    ##.....
e - Corona                Hex            ####...      1%          1    None

Your spell library contained the following spells:

 Spells                   Type           Power        Failure   Level  Hunger


Dungeon Overview and Level Annotations

Branches:
Dungeon (1/1)

Altars:
Cheibriados
Dithmenos
Elyvilon
Fedhas
Gozag
Hepliaklqana
Kikubaaqudgha
Makhleb
Nemelex Xobeh
Okawaru
Qazlal
Ru
Sif Muna
Trog
Uskayaw
Vehumet
Wu Jian
Xom
Yredelemnul
Zin
The Shining One
Jiyva
Lugonu

Shops:
D [:[

Annotations:
D exclusion: 4 doors


Innate Abilities, Weirdness & Mutations

You are very small and have problems with some larger weapons.
You are too small for most types of armour.
You have supernaturally acute eyesight. (SInv)
You are a herbivore.
You cover ground extremely quickly.
You need to consume almost no food.


Message History

The floating eye seems to glare at you. 3 necrophages come into view.
The jelly hits you but does no damage.
The jelly quivers. x2
Found a throwing net, a glowing halberd and 453 gold pieces.
You hit the jelly.
Your hands burn!
The jelly is lightly wounded.
The jelly hits you but does no damage. The jelly misses you.
The floating eye gazes piercingly through you!
You suddenly lose the ability to move!
The jelly hits you but does no damage. x2
The jelly completely misses you. The jelly hits you but does no damage.
The jelly hits you. The acid corrodes you!
You are splashed with acid!
The jelly hits you. The acid corrodes you!
You are splashed with acid!
The jelly hits you. The acid corrodes you!
You are splashed with acid!
The jelly hits you.
You are splashed with acid!
* * * LOW HITPOINT WARNING * * *
The jelly hits you.
* * * LOW HITPOINT WARNING * * *
You are splashed with acid.
You die...

###_..__##_s#'##§#####§###
#_____###+#.#.§(.###§'.#
###########.####'###)###.#
∩........'...'.....'.∩##§#
##++++####...###########§#
###.###....§.§##§#
#.#'#.#....§§§§§§#
#)....#''J######§#
#.)...#.@G.....#§#
#######JJJ....#+§#
n.......≈#### $nn......≈≈#
#.......≈≈≈## ###..≈≈≈≈###
+######+


You could see 3 necrophages, 4 jellies and a floating eye.

Vanquished Creatures
  2 centaur warriors (D)
  Sonja (D)
  2 unseen horrors (D)
  A deep troll (D)
  An oklob plant (D)
  2 kobold demonologists (D)
  A hornet (D)
  A slime creature (D)
  2 redbacks (D)
  Sigmund (D)
  A yak (D)
  A floating eye (D)
  An ogre (D)
  4 jellies (D)
  Ijyb (D)
  2 ballistomycetes (D)
  A ballistomycete spore (D)
25 creatures vanquished.

Vanquished Creatures (others)
  A gargoyle (D)
  A ballistomycete spore (D)
2 creatures vanquished.

Grand Total: 27 creatures vanquished

Notes
Turn   | Place    | Note
-------+----------+-------------------------------------------
     0 | D        | Kobolds4U the Spriggan Assassin began the quest for the
                  | Orb.
     0 | D        | Reached XP level 1. HP: 10/10 MP: 2/2
     1 | D        | Noticed Ijyb
     4 | D        | Killed Ijyb
     4 | D        | Reached skill level 9 in Stealth
     4 | D        | Reached XP level 2. HP: 14/14 MP: 3/3
     6 | D        | Noticed an ogre
     9 | D        | Killed an ogre
     9 | D        | Reached skill level 13 in Stealth
     9 | D        | Reached XP level 3. HP: 18/18 MP: 4/4
     9 | D        | Reached XP level 4. HP: 22/22 MP: 5/5
    19 | D        | Noticed Sigmund
    58 | D        | Killed Sigmund
    58 | D        | Reached skill level 17 in Stealth
    58 | D        | Reached XP level 5. HP: 5/25 MP: 6/6
    58 | D        | Reached XP level 6. HP: 6/30 MP: 7/7
   308 | D        | Found a burning altar of Makhleb.
   308 | D        | Found a viscous altar of Jiyva.
   308 | D        | Found a shimmering altar of Xom.
   308 | D        | Found a corrupted altar of Lugonu.
   308 | D        | Noticed a slime creature
   311 | D        | Killed a slime creature
   311 | D        | Reached skill level 20 in Stealth
   313 | D        | Found an ornate altar of the Wu Jian Council.
   313 | D        | Found a deep blue altar of Sif Muna.
   315 | D        | Found a radiant altar of Vehumet.
   319 | D        | Reached skill level 5 in Dodging
   341 | D        | Found Butadeasm's Book Emporium.
   341 | D        | Found an ancient bone altar of Kikubaaqudgha.
   341 | D        | Found a hazy altar of Hepliaklqana.
   341 | D        | Found a hide-covered altar of Uskayaw.
   341 | D        | Found a basalt altar of Yredelemnul.
   341 | D        | Found an opulent altar of Gozag.
   341 | D        | Found a snail-covered altar of Cheibriados.
   341 | D        | Found a sacrificial altar of Ru.
   341 | D        | Found a shadowy altar of Dithmenos.
   341 | D        | Noticed a yak
   342 | D        | Found a stormy altar of Qazlal.
   342 | D        | Found a blossoming altar of Fedhas.
   342 | D        | Found a bloodstained altar of Trog.
   342 | D        | Found an iron altar of Okawaru.
   342 | D        | Found a glowing golden altar of the Shining One.
   342 | D        | Found a glowing silver altar of Zin.
   342 | D        | Found a white marble altar of Elyvilon.
   343 | D        | Killed a yak
   343 | D        | Reached XP level 7. HP: 36/36 MP: 8/8
   344 | D        | Found a sparkling altar of Nemelex Xobeh.
   350 | D        | Bought a book of Maledictions for 275 gold pieces
   353 | D        | Learned a level 2 spell: Ensorcelled Hibernation
   354 | D        | Became a worshipper of Warmaster Okawaru
   380 | D        | Noticed a kobold demonologist
   381 | D        | Noticed a kobold demonologist
   385 | D        | Killed a kobold demonologist
   390 | D        | Noticed a red devil
   399 | D        | Noticed a chaos spawn
   401 | D        | Killed a kobold demonologist
   401 | D        | Reached * piety under Okawaru
   401 | D        | Reached skill level 5 in Throwing
   401 | D        | Reached skill level 5 in Spellcasting
   401 | D        | Reached XP level 8. HP: 26/40 MP: 10/17
   513 | D        | Noticed a centaur warrior
   513 | D        | Noticed a centaur warrior
   521 | D        | Killed a centaur warrior
   521 | D        | Reached ** piety under Okawaru
   522 | D        | Killed a centaur warrior
   522 | D        | Reached *** piety under Okawaru
   522 | D        | Reached XP level 9. HP: 44/44 MP: 17/21
   527 | D        | Learned a level 3 spell: Tukima's Dance
   531 | D        | Learned a level 3 spell: Confuse
   535 | D        | Learned a level 3 spell: Dazzling Spray
   537 | D        | Learned a level 1 spell: Corona
   551 | D        | Reached skill level 1 in Conjurations
   561 | D        | Noticed an oklob plant
   563 | D        | Killed an oklob plant
   563 | D        | Reached skill level 5 in Bows
   579 | D        | Noticed a deep troll
   581 | D        | Killed a deep troll
   581 | D        | Reached skill level 5 in Invocations
   604 | D        | Noticed Sonja
   624 | D        | Killed Sonja
   624 | D        | Reached **** piety under Okawaru
   624 | D        | Reached skill level 21 in Stealth
   624 | D        | Reached XP level 10. HP: 48/49 MP: 22/22
   637 | D        | Found Giffeb's Antique Armour Boutique.
   695 | D        | Killed a gargoyle
   788 | D        | Found Ciuf's Armour Emporium.
   859 | D        | Noticed an unseen horror
   860 | D        | Noticed an unseen horror
   888 | D        | Killed an unseen horror
   888 | D        | Received a gift from Okawaru
   908 | D        | Killed an unseen horror
   908 | D        | Reached skill level 10 in Bows
  1171 | D        | Paralysed by a floating eye for 4 turns
  1173 | D        | Splashed by a jelly's acid

Skill      XL: |  1  2  3  4  5  6  7  8  9 10 |
---------------+-------------------------------+-----
Dodging        | 4 8 12 14 | 14.6
Stealth        | 9 13 17 20 21 | 21.0
Fighting       | 3 |  3.2
Spellcasting   | 5 7 |  7.4
Throwing       | 5 6 |  6.6
Hexes          | 6 8 |  8.3
Ice Magic      | 3 |  3.0
Invocations    | 3 6 7 |  7.5
Bows           | 8 10 | 10.8
Conjurations   | 2 |  2.1
Short Blades   | |  2.1

Action                   |  1- 3 |  4- 6 |  7- 9 | 10-12 || total
-------------------------+-------+-------+-------+-------++-------
Melee: Dagger            |     2 |     8 |    23 |    68 ||   101
 Fire: Blowgun           |       |    10 |     8 |    11 ||    29
       Shortbow          |       |       |       |     4 ||     4
Invok: Heroism           |       |       |       |     1 ||     1
  Use: Scroll            |       |       |     1 |     1 ||     2
       Potion            |       |       |     1 |       ||     1
 Stab: Sleeping          |     2 |     3 |     7 |     6 ||    18
       Distracted        |       |       |       |     1 ||     1
Armor: Troll leather arm |       |       |     2 |    15 ||    17
Dodge: Dodged            |       |     7 |    30 |   161 ||   198
